AoeStats
← litomysl

Oasis

509764010Analyzed
4v4 RM · 5d ago on Sep 27, 2026· 41m 58s· 8 players
Game mode
Random Map
Map size
Large (8 player)
Population
200
Speed
Normal
Resources
Standard
Victory
Conquest
Starting age
Dark Age
Ending age
Imperial Age
RankedLock teamsTeams togetherTeam positionsShared explorationLock speedFull tech treeHidden civsTurbo modeCheats
Victory
Defeat
🇮🇱 Byzantines · Israel
905
+17
🇧🇬 Bulgarians · Bulgaria
865
+18
🇩🇪 Portuguese · Germany
821
+20
🇩🇪 Khmer · Germany
807
+21
🇺🇸 Berbers · United States
969
-21
🇺🇸 Persians · United States
944
-20
🇨🇴 Byzantines · Colombia
929
-20
🇺🇸 Franks · United States
827
-15
Tardhunter
12:03 Feudal Age
14:14 Forging
16:31 Castle Age
22:07 Horse Collar
22:21 Double-Bit Axe
25:36 Heavy Plow
27:14 Gold Mining
28:55 Bow Saw
29:24 Stone Mining
29:25 Loom
34:44 Imperial Age
32:34 Scale Barding Armor
34:05 Husbandry
34:16 Bloodlines
34:29 Chain Barding Armor
34:20 Forging
34:26 Caravan
36:07 Gold Shaft Mining
36:08 Stone Shaft Mining
36:22 Plate Barding Armor
36:23 Iron Casting
35:50 Scale Mail Armor
36:26 Crop Rotation
36:34 Wheelbarrow
35:48 Town Watch
37:08 Chemistry
36:29 Ballistics
36:05 Murder Holes
36:21 Masonry
36:50 Town Patrol
36:49 Elite Konnik
38:31 Blast Furnace
37:52 Hand Cart
38:46 Conscription
40:10 Chain Mail Armor
39:46 Fletching
39:56 Padded Archer Armor
40:47 Arson
41:03 Squires
40:48 Gambesons
Nimble
0:33 Loom
18:12 Feudal Age
19:32 Double-Bit Axe
21:05 Horse Collar
23:43 Gold Mining
23:44 Stone Mining
25:58 Wheelbarrow
32:26 Castle Age
33:59 Heavy Plow
34:27 Bow Saw
35:34 Fortified Wall
36:10 Pikeman
40:49 Imperial Age
39:40 Stone Shaft Mining
40:18 Gold Shaft Mining
42:45 Two-Man Saw
43:22 Chemistry
litomysl
0:57 Loom
10:21 Feudal Age
12:33 Horse Collar
12:43 Double-Bit Axe
21:40 Castle Age
29:14 Pikeman
30:27 Husbandry
31:10 Wheelbarrow
34:29 Bloodlines
34:25 Light Cavalry
35:20 Heavy Plow
35:33 Bow Saw
36:49 Forging
38:04 Town Watch
38:43 Scale Barding Armor
41:46 Hand Cart
VirtualVagabond
0:27 Loom
11:52 Feudal Age
12:43 Double-Bit Axe
14:24 Wheelbarrow
18:57 Castle Age
18:57 Horse Collar
19:57 Bow Saw
23:11 Hand Cart
28:57 Imperial Age
26:31 Arson
28:12 Pikeman
29:25 Scale Mail Armor
29:36 Forging
30:12 Halberdier
31:46 Conscription
32:43 Chain Mail Armor
34:30 Chemistry
35:21 Husbandry
37:39 Two-Man Saw
38:29 Plate Mail Armor
38:34 Iron Casting
38:05 Scale Barding Armor
38:28 Onager
40:53 Blast Furnace
40:42 Chain Barding Armor
aegilello
2:21 Loom
11:20 Feudal Age
12:42 Horse Collar
20:04 Castle Age
17:57 Double-Bit Axe
20:29 Wheelbarrow
22:29 Pikeman
22:56 Arson
23:33 Forging
23:25 Scale Mail Armor
28:14 Heavy Plow
28:44 Bow Saw
30:04 Stone Mining
38:16 Imperial Age
36:29 Hand Cart
36:01 Town Watch
37:25 Scale Barding Armor
37:56 Iron Casting
37:41 Bloodlines
37:32 Husbandry
37:59 Gold Mining
39:15 Chain Barding Armor
Anti-Social Reclusive Hermit
9:54 Loom
12:01 Feudal Age
13:04 Double-Bit Axe
16:43 Wheelbarrow
21:04 Castle Age
22:32 Husbandry
22:39 Scale Barding Armor
29:12 Chain Barding Armor
29:03 Forging
38:12 Hand Cart
38:08 Bow Saw
37:50 Gold Mining
38:37 Iron Casting
37:53 Fletching
41:18 Imperial Age
38:51 Padded Archer Armor
41:21 Cavalier
42:39 Plate Barding Armor
43:05 Blast Furnace
Anabella9011
11:14 Feudal Age
11:54 Double-Bit Axe
12:04 Horse Collar
20:18 Scale Barding Armor
20:23 Forging
23:05 Loom
24:26 Gold Mining
26:32 Arson
29:19 Wheelbarrow
28:54 Scale Mail Armor
32:06 Castle Age
33:11 Bow Saw
33:02 Heavy Plow
34:50 Chain Barding Armor
35:06 Iron Casting
34:45 Stone Mining
35:33 Pikeman
36:16 Squires
36:28 Gambesons
37:11 Husbandry
Bovine
11:08 Feudal Age
19:51 Castle Age
25:34 Double-Bit Axe
30:22 Bloodlines
32:02 Wheelbarrow
31:48 Town Watch
32:46 Fletching
33:54 Bodkin Arrow
35:01 Bow Saw
36:18 Town Patrol
36:35 Hand Cart
36:34 Loom
36:59 Scale Barding Armor
37:51 Thumb Ring
40:43 Imperial Age
38:58 Kasbah
41:39 Ballistics
41:30 Fortified Wall
41:19 Murder Holes
42:30 Bracer
Connection lost

Rejoining the realm…

Still unreachable

The connection could not be restored.

Session expired

The server has moved on; the page needs a fresh start.